 Dungeon Crawl Stone Soup version 0.19.4-10-g532645f (webtiles) character file.

405 galech the Skirmisher (level 6, -3/68 HPs)
             Began as an Ogre Fighter on Feb 25, 2017.
             Slain by a river rat (5 damage)
             ... summoned by Eustachio
             ... on level 4 of the Dungeon.
             The game lasted 00:05:15 (2828 turns).

galech the Skirmisher (Ogre Fighter)                Turns: 2828, Time: 00:05:16

Health: -3/68      AC:  4    Str: 24    XL:     6   Next: 87%
Magic:  2/2        EV:  9    Int:  7    God:
Gold:   104        SH:  8    Dex:  9    Spells: 0 memorised, 5 levels left

rFire  . . .     SeeInvis .     t - +3 whip (antimagic)
rCold  . . .     Gourm    .     b - +0 robe
rNeg   . . .     Faith    .     c - +0 shield
rPois  .         Spirit   .     j - +1 hat
rElec  .         Reflect  .     (no cloak)
rCorr  .         Harm     .     (gloves unavailable)
MR     .....                    (boots unavailable)
Stlth  +.........               (no amulet)
                                (no ring)
                                (no ring)

@: no status effects
A: unfitting armour, tough skin 1
a: no special abilities


You were on level 4 of the Dungeon.
You were not hungry.

You visited 1 branch of the dungeon, and saw 4 of its levels.

You collected 104 gold pieces.

Inventory:

Hand Weapons
 a - a +0 flail
 t - a +3 antimagic whip (weapon)
Armour
 b - a +0 robe (worn)
 c - a +0 shield (worn)
 j - a +1 hat (worn)
Scrolls
 k - a scroll of amnesia
 l - 2 scrolls of remove curse
 m - a scroll of magic mapping {unknown}
 n - a scroll of random uselessness {unknown}
 p - a scroll of identify {unknown}
 r - a scroll of immolation {unknown}
Potions
 d - a potion of might
 g - a potion of ambrosia {unknown}
 h - a potion of resistance {unknown}
 i - a potion of flight {unknown}
 q - a potion of curing
 u - 2 potions of heal wounds {unknown}
Books
 v - a book of Misfortune

   Spells                             Type                      Level
   a - Confusing Touch                Hexes                        1
   b - Confuse                        Hexes                        3
   c - Gell's Gravitas                Hexes/Translocation          3
   d - Petrify                        Transmutation/Earth          4
   e - Metabolic Englaciation         Hexes/Ice                    5
   f - Yara's Violent Unravelling     Hexes/Transmutation          5
Comestibles
 f - 5 bread rations
 o - a slice of pizza
 s - a chunk of flesh


   Skills:
 + Level 6.4 Fighting
 + Level 6.0 Maces & Flails
 + Level 4.4 Dodging
 - Level 2.6 Shields


You had 5 spell levels left.
You didn't know any spells.

Dungeon Overview and Level Annotations

Branches:
Dungeon (4/15)
 Temple: D:4-7

Altars:
Ashenzari
Trog

Annotations:
D:4 Eustachio


Innate Abilities, Weirdness & Mutations

You are too large for most types of armour.
You have tough skin. (AC +1)


Message History

You block the river rat's attack.
The jackal bites you but does no damage.
The white imp hits you.
* * * LOW HITPOINT WARNING * * *
The white imp freezes you.
* * * LOW HITPOINT WARNING * * *
You feel better.
The jackal bites you but does no damage.
The scorpion stings you.
* * * LOW HITPOINT WARNING * * *
You block the river rat's attack.
The white imp hits you but does no damage.
Okay, then.
As you read the scroll labeled XIUL AJUECIDD, it crumbles to dust.
It is a scroll of enchant weapon.
Your +2 antimagic whip glows red for a moment.
The jackal bites you.
* * * LOW HITPOINT WARNING * * *
You block the scorpion's attack. The river rat bites you.
You die...

# #. ###..
#.....####
#.>..{5sh###
.....5rr@5†##
##..######..##
+. ##..# #..#
##.# .# #. #.
#


You could see a scorpion, an iron imp, a river rat, 2 white imps, a jackal and a
rat.

Vanquished Creatures
  2 eyes of draining (D:2)
  2 orc priests (D:3)
  An orc wizard (D:3)
  A gnoll (D:2)
  3 adders (D:2)
  2 worms
  2 dart slugs
  4 leopard geckos
  11 orcs
  3 giant cockroaches
  7 goblins
  4 hobgoblins (D:2)
  9 jackals
  A ball python (D:2)
  7 bats
  4 frilled lizards
  9 kobolds
  9 rats
81 creatures vanquished.

Notes
Turn   | Place    | Note
-------+----------+-------------------------------------------
     0 | D:1      | galech the Ogre Fighter began the quest for the Orb.
     0 | D:1      | Reached XP level 1. HP: 24/24 MP: 1/1
    80 | D:1      | Reached XP level 2. HP: 31/32 MP: 2/2
   750 | D:2      | Found a shattered altar of Ashenzari.
   796 | D:2      | Reached XP level 3. HP: 28/40 MP: 3/3
  1047 | D:2      | Reached skill level 5 in Fighting
  1275 | D:2      | Reached XP level 4. HP: 48/50 MP: 4/4
  1783 | D:3      | Noticed an eye of draining
  1784 | D:3      | Found a bloodstained altar of Trog.
  1784 | D:3      | Noticed an eye of draining
  2085 | D:2      | Killed an eye of draining
  2085 | D:2      | Reached XP level 5. HP: 49/59 MP: 0/5
  2110 | D:2      | Killed an eye of draining
  2110 | D:2      | Reached skill level 5 in Maces & Flails
  2110 | D:2      | Reached XP level 6. HP: 54/67 MP: 0/6
  2810 | D:4      | Noticed Eustachio
  2828 | D:4      | HP: 2/68 [jackal (3)]
  2828 | D:4      | Slain by a river rat

Skill      XL: |  1  2  3  4  5  6 |
---------------+-------------------+-----
Dodging        | 3 4 |  4.4
Maces & Flails | 3 4 5 6 |  6.0
Fighting       | 5 6 |  6.4
Shields        | |  2.6

Action                   |  1- 3 |  4- 6 || total
-------------------------+-------+-------++-------
Melee: Flail             |   137 |    40 ||   177
       Whip              |       |   144 ||   144
  Use: Potion            |     1 |     1 ||     2
       Scroll            |       |     3 ||     3
 Stab: Sleeping          |       |     2 ||     2
  Eat: Chunk             |     1 |     6 ||     7
Armor: Robe              |    51 |    41 ||    92
Dodge: Dodged            |    58 |    53 ||   111
Block: Shield            |    72 |    75 ||   147
